 Dungeon Crawl Stone Soup version 0.27.1 (webtiles) character file.

Game seed: 2729672044843251640

5147 nxtlvl the Grappler (level 10, -1/98 HPs)
             Began as a Troll Abyssal Knight on Sept 4, 2021.
             Was an Elder of Lugonu.
             Slain by a yak (12 damage)
             ... on level 9 of the Dungeon.
             The game lasted 00:18:21 (2169 turns).

nxtlvl the Grappler (Troll Abyssal Knight)          Turns: 2169, Time: 00:18:21

Health: -1/98      AC:  8    Str: 22    XL:     10   Next: 33%
Magic:  13/13      EV: 13    Int: 11    God:    Lugonu [****..]
Gold:   216        SH:  0    Dex:  9    Spells: 9/9 levels left

rFire    . . .     SeeInvis .     - Unarmed
rCold    . . .     Faith    .   (no shield)
rNeg     . . .     Spirit   .   a - +0 acid dragon scales
rPois    .         Reflect  .   (helmet restricted)
rElec    .         Harm     .   b - scarf {repulsion}
rCorr    +         Rampage  .   (gloves unavailable)
Will     .....                  (boots unavailable)
Stlth    +.........             y - amulet of the acrobat
HPRegen  1.26/turn              k - +4 ring of evasion
MPRegen  0.13/turn              j - +4 ring of slaying

@: very slightly contaminated, hasted, invisible, repel missiles, very quick
A: large, unfitting armour, claws 3, regeneration 1, shaggy fur 1, tough skin 1
a: Renounce Religion, Depart the Abyss, Bend Space, Banish, Corrupt


You were on level 9 of the Dungeon.
You worshipped Lugonu.
Lugonu was greatly pleased with you.
You visited 1 branch of the dungeon, and saw 9 of its levels.
You visited the Abyss 1 time.
You also visited: Ossuary.

You collected 216 gold pieces.

Inventory:

Missiles
 e - 42 sling bullets
 v - 7 boomerangs
 C - 6 atropa-tipped darts
 F - 3 javelins
Armour
 a - +0 acid dragon scales (worn)
 b - a scarf of repulsion (worn)
 A - the +1 robe of Uschunic {rElec rC- Str+4}
   (You found it on level 6 of the Dungeon)

   Str:       It affects your strength (+4).
   rC:        It makes you vulnerable to cold.
   rElec:     It insulates you from electricity.
Jewellery
 j - a +4 ring of slaying (right claw)
 k - a +4 ring of evasion (left claw)
 p - a ring of fire
 y - an amulet of the acrobat (around neck)
Wands
 r - a wand of mindburst (6)
Scrolls
 c - a scroll of amnesia {unknown}
 m - a scroll of teleportation {unknown}
 o - 2 scrolls of enchant weapon {unknown}
 q - 2 scrolls of magic mapping {unknown}
 t - 2 scrolls of noise {unknown}
 u - a scroll of enchant armour {unknown}
 z - a scroll of summoning
 D - a scroll of silence {unknown}
 E - a scroll of torment {unknown}
Potions
 d - 3 potions of berserk rage {unknown}
 g - 2 potions of might {unknown}
 h - 6 potions of curing
 i - a potion of mutation
 l - 3 potions of heal wounds {unknown}
 n - a potion of brilliance
 s - a potion of attraction
 w - a potion of degeneration {unknown}
 B - 2 potions of flight {unknown}
 G - a potion of lignification {unknown}


   Skills:
 + Level 5.8 Fighting
 - Level 1.9 Dodging
 * Level 12.3 Unarmed Combat
 + Level 5.9 Invocations


You had 9 spell levels left.
You didn't know any spells.
Your spell library contained the following spells:

 Spells                   Type           Power      Damage    Failure   Level
 Blink                    Tloc           N/A        N/A       56%         2
 Olgreb's Toxic Radiance  Pois           0%         N/A       99%         4
 Manifold Assault         Tloc           0%         N/A       100%        5
 Ozocubu's Refrigeration  Ice            0%         4d5       100%        7
 Storm Form               Tmut/Air       0%         N/A       100%        7
 Ignition                 Fire           0%         3d3       100%        8


Dungeon Overview and Level Annotations

Branches:
Dungeon (8/15)             Temple (0/1) D:6         Ossuary (visited)
   Lair: D:8-11

Altars:
Ashenzari
Cheibriados
Fedhas
Gozag
Kikubaaqudgha
Ru

Annotations:
D:4 Menkaure


Innate Abilities, Weirdness & Mutations

You are too large for most types of armour.
You have claws for hands.
Your natural rate of healing is unusually fast.
You are covered in fur. (AC +1)
You have tough skin. (AC +1)


Message History

The hornet is severely wounded.
The hornet misses you. The yak gores you.
You mangle the hornet!!
You kill the hornet!
Lugonu accepts your kill.
You mangle the yak!!
You kill the yak!
Lugonu accepts your kill.
You closely miss the orc warrior.
The orc warrior hits you but does no damage.
You scratch the orc warrior.
The orc warrior is lightly wounded.
The yak gores you!
You scratch the orc warrior. Your claw misses the orc warrior.
The orc warrior is heavily wounded.
The orc warrior hits you with a +0 dire flail!
* * * LOW HITPOINT WARNING * * *
The yak completely misses you.
You barely miss the orc warrior.
The orc warrior is moderately wounded.
The orc warrior hits you with a +0 dire flail.
* * * LOW HITPOINT WARNING * * *
You claw the orc warrior!
The orc warrior is almost dead.
You claw the orc warrior!
You kill the orc warrior!
Lugonu accepts your kill. The yak barely misses you.
You catch the helpless yak completely off-guard!
You mangle the yak!!
The yak is heavily wounded.
You completely miss the yak. The yak gores you!
* * * LOW HITPOINT WARNING * * *
The howler monkey zombie misses you.
You mangle the yak!!
The yak is severely wounded.
You barely miss the yak.
The yak is severely wounded.
The yak gores you!
You die...

.....
.....#######
.......$...#
.......)...#
...........#
.......)†).#
##.......Y.#
#.....Y)Y.#
#......@Z.#
#......<..#
###########


You could see 3 yaks and a howler monkey zombie.

Vanquished Creatures
  A centaur warrior (D:9)
  Pikel (D:4)
  The ghost of AttackTheMoon the Covered, an amateur MiFi of Cheibriados (D:5)
  A hornet (D:9)
  2 yaks (D:9)
  A steam dragon (D:8)
  A vampire mosquito (D:7)
  An acid dragon (D:7)
  3 water moccasins
  A hornet zombie (D:7)
  2 sky beasts
  A black bear (D:7)
  3 orc warriors
  2 ice beasts
  A necrophage (D:3)
  3 centaurs (D:8)
  An ogre (D:6)
  2 lemures (D:4)
  7 scorpions
  4 wights
  5 centaur zombies
  3 hounds
  A centaur skeleton (D:7)
  3 human zombies (Ossuary)
  An orc priest (D:6)
  3 jellies
  A bullfrog skeleton (D:7)
  An iguana (D:5)
  4 orc wizards
  A scorpion zombie (Ossuary)
  A centaur simulacrum (D:5)
  3 scorpion simulacra (D:5)
  3 mummies (Ossuary)
  An adder (D:4)
  A gnoll (D:7)
  2 shadow imps
  An ufetubus (D:7)
  2 adder skeletons (D:4)
  2 worms
  3 dart slugs
  An adder simulacrum (D:5)
  21 orcs
  A ball python (D:4)
  4 gnoll zombies (Ossuary)
  2 hobgoblins
  A kobold (D:3)
  A bat (D:3)
  2 goblins (D:3)
  2 goblin zombies (Ossuary)
  4 hobgoblin zombies (Ossuary)
  A kobold zombie (Ossuary)
  4 orc zombies (Ossuary)
  A rat (D:2)
126 creatures vanquished.

Notes
Turn   | Place    | Note
-------+----------+-------------------------------------------
     0 | Abyss:1  | nxtlvl the Troll Abyssal Knight began the quest for the
                  | Orb.
     0 | Abyss:1  | Reached XP level 1. HP: 22/22 MP: 1/1
    10 | D:1      | Escaped the Abyss
   113 | D:3      | Reached XP level 2. HP: 28/29 MP: 2/2
   120 | D:3      | Noticed a necrophage
   136 | D:3      | Killed a necrophage
   137 | D:3      | Reached skill level 4 in Unarmed Combat
   137 | D:3      | Reached XP level 3. HP: 22/36 MP: 3/3
   137 | D:3      | Reached XP level 4. HP: 27/44 MP: 4/4
   193 | D:5      | Entered Level 5 of the Dungeon
   252 | D:5      | Noticed an ice beast
   292 | D:5      | Reached skill level 5 in Unarmed Combat
   292 | D:5      | Reached XP level 5. HP: 50/50 MP: 5/5
   361 | D:4      | Reached ** piety under Lugonu
   374 | D:5      | Found a sand-covered staircase.
   388 | Ossuary  | Entered an ossuary
   430 | Ossuary  | Reached skill level 6 in Unarmed Combat
   461 | Ossuary  | Reached XP level 6. HP: 36/59 MP: 6/6
   542 | Ossuary  | Reached skill level 7 in Unarmed Combat
   595 | Ossuary  | Reached XP level 7. HP: 66/66 MP: 7/7
   599 | Ossuary  | Reached skill level 8 in Unarmed Combat
   751 | D:5      | Found a runed translucent gate.
   751 | D:5      | Found a runed translucent gate.
   752 | D:5      | Found a runed translucent gate.
   764 | D:5      | Reached skill level 9 in Unarmed Combat
   786 | D:5      | Noticed AttackTheMoon's ghost (amateur MiFi)
   814 | D:5      | Killed AttackTheMoon's ghost
   815 | D:5      | Reached XP level 8. HP: 42/74 MP: 8/8
   912 | D:4      | Noticed Pikel
   933 | D:4      | Killed Pikel
   934 | D:4      | Reached skill level 10 in Unarmed Combat
  1073 | D:4      | Noticed Menkaure
  1121 | D:3      | Reached *** piety under Lugonu
  1191 | D:6      | Found an ancient bone altar of Kikubaaqudgha.
  1191 | D:6      | Found a blossoming altar of Fedhas.
  1244 | D:6      | Found a broken altar of Ashenzari.
  1247 | D:6      | Found an opulent altar of Gozag.
  1250 | D:6      | Found a snail-covered altar of Cheibriados.
  1292 | D:6      | Identified the +1 robe of Uschunic {rElec rC- Str+4}
  1331 | D:6      | Found a staircase to the Ecumenical Temple.
  1332 | D:6      | Noticed a hornet
  1412 | D:7      | Reached XP level 9. HP: 79/84 MP: 10/10
  1413 | D:7      | Found a sacrificial altar of Ru.
  1504 | D:7      | Reached skill level 11 in Unarmed Combat
  1781 | D:7      | Reached skill level 5 in Invocations
  1829 | D:7      | Reached **** piety under Lugonu
  1830 | D:7      | Reached skill level 5 in Fighting
  2129 | D:8      | You fall into a shaft and drop 1 floor!
  2129 | D:9      | Noticed a centaur warrior
  2139 | D:9      | Killed a centaur warrior
  2140 | D:9      | Reached skill level 12 in Unarmed Combat
  2140 | D:9      | Reached XP level 10. HP: 35/96 MP: 13/13
  2169 | D:9      | Slain by a yak

Illustrated notes

Levels and vault maps discovered:
D:1:      ncdulo_smallfort, layout_rooms, interstate_on_off
D:2:      layout_basic, hellmonk_ecumenical_altar_dog_temple, nrook_campfire,
          uniq_sigmund, uniq_natasha, uniq_terence
D:3:      layout_loops_ring, nrook_mini_vaults, minmay_crystal_room,
          minmay_quantized
D:4:      layout_cave_pods, uniq_pikel, uniq_menkaure
D:5:      layout_loops_corners, tso_oasis_becter, lemuel_tele_altar,
          grunt_dithmenos_shadows, nicolae_ossuary_entry_monument,
          gammafunk_ghost_icy, minmay_misc_feat_square
D:6:      layout_rooms, grunt_temple_overflow_growth_and_decay,
          grunt_temple_overflow_diamond, temple_green
D:7:      minmay_slanted_spiral_squares, layout_gridville, lemuel_crystal_altar
D:8:      layout_rooms, special_room [special_room_orc]
D:9:      layout_basic, kennysheep_mini_moat, dpeg_oklobed_lair

Skill      XL: |  1  2  3  4  5  6  7  8  9 |
---------------+----------------------------+-----
Unarmed Combat | 4 5 6 7 9 10 12 | 12.3
Invocations    | 2 3 5 |  5.9
Fighting       | 4 5 |  5.8
Dodging        | |  1.9

Action                   |  1- 3 |  4- 6 |  7- 9 | 10-12 || total
-------------------------+-------+-------+-------+-------++-------
Melee: Unarmed           |    28 |   123 |   227 |    26 ||   404
       Punch             |     1 |     6 |    11 |       ||    18
  Use: Scroll            |       |       |     5 |       ||     5
       Potion            |       |       |     3 |       ||     3
 Stab: Sleeping          |       |       |     1 |       ||     1
       Invisible         |       |       |       |     2 ||     2
Armor: Robe              |     6 |    28 |    28 |       ||    62
       Acid dragon scale |       |       |    12 |     4 ||    16
Dodge: Dodged            |     7 |    50 |   160 |     9 ||   226
